Eleonore, lawful female dwarven Valkyrie ------------------------------------- |........................d.d@dhGd...| . |..-----------------------------....... --...| --...... --..| .....( ----.| -.... |..|.| |....| ----- --...---...--- ---.........| ----....---..| --.|....-- ---- |.......-- --.......| |-......-- |........--- --..--.....| -------...-- ---..| |..| ---- Eleonore the Skirmisher Experience level: 5 Strength: 16 Dexterity: 10 Constitution: 20 Intelligence: 12 Wisdom: 9 Charisma: 8 Health: 0(84) Energy: 25(25) Def: 7 Gold: 227 Moves: 3656 Dungeon seed: nmUpO5hYavEKiQtl Game ID: Eleonore_1559760659 Your Inventory: Coins $ - 227 gold pieces Weapons a - an uncursed thoroughly rusty corroded +1 long sword h - 3 uncursed +0 shuriken (in quiver) B - an uncursed +0 dagger (weapon in hand) Armor n - an uncursed +0 large shield (being worn) q - an uncursed +0 orcish chain mail (being worn) r - an uncursed +0 orcish helm (being worn) Comestibles c - an uncursed food ration j - 2 uncursed tripe rations k - an uncursed tin of yellow mold Scrolls x - an uncursed scroll of enchant weapon Rings l - an uncursed ring of cold immunity (on left hand) t - an uncursed ring of poison immunity (on right hand) Tools d - an uncursed oil lamp (0:44) f - an uncursed skeleton key p - an uncursed brass lantern (lit) (0:1113) u - an uncursed bag of holding C - an uncursed tin opener Gems y - an uncursed topaz stone z - an uncursed jasper stone N - an uncursed worthless piece of orange glass Spells and supernatural/magical abilities: Name Level Category Cost Memory W - pray for help -- divine ? -- Your skills at the end: Fighting Skills wands [Basic] Weapon Skills dagger [Basic] long sword [Basic] Spellcasting Skills Final Attributes: You were piously aligned. You were immune to cold. You were immune to poison. You had infravision. You were stealthy. You were a werewolf. Tyr was noncommittal. You are dead. Vanquished creatures: a watch captain a watchman 2 bugbears a rock piercer a shrieker a kobold mummy a guardian naga hatchling a kitten 2 kobold shamans a rabid rat a centipede a giant bat an iguana an acid blob a gas spore 3 cave spiders a brown mold a yellow mold a green mold 10 gnomes 2 geckos 3 jackals 2 foxes a kobold 4 goblins 4 sewer rats 7 grid bugs 6 lichens 10 newts 72 creatures vanquished. Voluntary challenges: You had followed a strict vegan diet until turn 3483. You had followed a strict vegetarian diet until turn 3483. You used a wielded weapon 137 times, starting on turn 61. You read items or engraved 40 times, starting on turn 269. You never genocided any monsters. You never polymorphed an object. You never changed form. You used no wishes. You never split a pudding. You wrote Elbereth's name 31 times, starting on turn 271. You never violated your personal moral code. Dungeon overview: The Dungeons of Doom: levels 1 to 4 Level 1 a long staircase Level 2 an altar to Tyr, a vault Level 3 stairs to The Gnomish Mines Level 4 a vault The Gnomish Mines: levels 4 to 7 Level 4 stairs to The Dungeons of Doom Level 5 Level 6 some shops, a temple to Tyr, some trees Level 7 <- You were here History has recorded: On T:1 you entered the Dungeons of Doom to retrieve the Amulet of Yendor! On T:847 you advanced to experience level 2. On T:917 you reached level 2 of The Dungeons of Doom. On T:1072 you reached level 3 of The Dungeons of Doom. On T:1376 you advanced to experience level 3. On T:1418 you reached level 1 of The Gnomish Mines. On T:1485 you reached level 4 of The Dungeons of Doom. On T:1902 you advanced to experience level 4. On T:1958 you reached level 2 of The Gnomish Mines. On T:2266 you reached level 3 of The Gnomish Mines. On T:2402 you advanced to experience level 5. Score breakdown: Gold: 227 ( 8020 points) Experience: 5 levels (11141 points) Exploration: 7 levels ( 14.29%) (10606 points) Discoveries: 3 items ( 1.20%) ( 3286 points) Valuables value: (no points given unless you survive) Artifact value: 0 ( 0 points) Variety of kills: 29 monsters ( 7.63%) ( 8287 points) Turncount: 3656 turns ( -892 points) Survival: died (score multiplied by 80%) Total score: 32358 Latest messages: The werewolf changes into a wolf. The werewolf misses. You miss the werewolf. The werewolf summons help! The werewolf bites! You feel feverish. You miss the winter wolf. The winter wolf bites! The werewolf bites! You hit the winter wolf. The winter wolf bites! The werewolf bites! You write in the dust with your fingers. The winter wolf bites! The werewolf bites! You hit the winter wolf. The winter wolf just misses! The werewolf bites! You add to the writing in the dust with your fingers. The winter wolf bites! The wolf displaces the gnome lady. The werewolf bites! You die... The bag of holding is empty. For some reason, you think that you can almost hear the Wizard laugh manically... Final status: Farvel Eleonore the Valkyrie, killed by a werewolf... You died in The Gnomish Mines on dungeon level 7 with 32358 points, and 227 pieces of gold, after 3656 moves. You were level 5 with a maximum of 84 hit points when you died.